n, neutral female scurrid Tourist --- |@. |H) n the Rambler Experience level: 1 Strength: 13 Dexterity: 12 Constitution: 14 Intelligence: 13 Wisdom: 9 Charisma: 14 Health: 0(12) Energy: 2(2) Def: 0 Gold: 17 Moves: 167 Dungeon seed: pZegPzVmkjASVq5m Game ID: n_1528521387 Your Inventory: Coins $ - 17 gold pieces Weapons a - 43 uncursed +2 darts (in quiver) Armor e - an uncursed +0 Hawaiian shirt (being worn) Comestibles b - an uncursed cream pie c - 2 uncursed lembas wafers d - 3 uncursed food rations f - an uncursed tin of kobold meat g - an uncursed tin of spinach h - an uncursed chestnut i - 2 uncursed sprigs of wolfsbane j - an uncursed egg k - 2 uncursed tripe rations Scrolls m - 2 blessed scrolls of magic mapping Potions l - an uncursed potion of extra healing Wands q - an uncursed wand of secret door detection (0:15) Tools o - an uncursed expensive camera (0:43) p - an uncursed credit card r - an uncursed oil lamp (0:1468) Spells and supernatural/magical abilities: Name Level Category Fail Memory W - pray for help -- divine ? -- Your skills at the end: Miscellaneous Skills wands [Basic] Weapon Skills dart [Basic] Spellcasting Skills Final Attributes: You were devoutly aligned. Your writing paw was cramped from overuse. You had infravision. You were very stealthy. You are dead. Vanquished creatures: a jackal Voluntary challenges: You went without food. You did not adorn yourself with jewelry or accessories. You did not cause conflict. You were not invisible. You did not have reflection. You were not displaced. You were an atheist. You never hit with a wielded weapon. You were a pacifist. You did not use containers. You did not apply a unicorn horn. You did not use plumbed fixtures. You read items or engraved 3 times, starting on turn 74. You never genocided any monsters. You never polymorphed an object. You never changed form. You used no wishes. You never split a pudding. You wrote Elbereth's name 3 times, starting on turn 74. You never violated your personal moral code. Dungeon overview: The Dungeons of Doom: levels 1 to 22 Level 1 a long staircase Level 2 Level 3 a fountain Level 4 Level 5 Level 6 Level 7 Level 8 Level 9 Level 10 Level 11 Level 12 Level 13 Level 14 Level 15 Level 16 Level 17 Level 18 Level 19 Level 20 a fountain Level 21 Level 22 <- You were here History has recorded: On T:1 you entered the Dungeons of Doom to retrieve the Amulet of Yendor! On T:12 you reached level 2 of The Dungeons of Doom. On T:19 you reached level 3 of The Dungeons of Doom. On T:25 you reached level 4 of The Dungeons of Doom. On T:31 you reached level 5 of The Dungeons of Doom. On T:37 you reached level 6 of The Dungeons of Doom. On T:43 you reached level 7 of The Dungeons of Doom. On T:50 you reached level 8 of The Dungeons of Doom. On T:56 you reached level 9 of The Dungeons of Doom. On T:64 you reached level 10 of The Dungeons of Doom. On T:70 you reached level 11 of The Dungeons of Doom. On T:77 you reached level 12 of The Dungeons of Doom. On T:85 you reached level 13 of The Dungeons of Doom. On T:94 you reached level 14 of The Dungeons of Doom. On T:100 you reached level 15 of The Dungeons of Doom. On T:100 you entered the Rogue tribute level. On T:111 you reached level 16 of The Dungeons of Doom. On T:118 you reached level 17 of The Dungeons of Doom. On T:121 you reached level 18 of The Dungeons of Doom. On T:130 you reached level 19 of The Dungeons of Doom. On T:145 you reached level 20 of The Dungeons of Doom. On T:151 you reached level 21 of The Dungeons of Doom. On T:164 you reached level 22 of The Dungeons of Doom. Score breakdown: Gold: 0 ( 0 points) Experience: 1 level ( 0 points) Exploration: 22 levels ( 630 points) Discoveries: 0 items ( 0 points) Variety of kills: 1 monster ( 50 points) Major goal: (nothing yet) ( 0 points) Survival: died (score multiplied by 3) Total score: 2040 Latest messages: You continue digging downward. You dig a pit in the ground. You continue digging downward. (6x) You dig a hole through the ground. You fall through... The titan is blinded by the flash! The titan casts a spell! You feel that monsters are aware of your presence. You write in the dust with your fingers. The titan bumps right into you! Something is written here in the dust. You read: "Elbereth". You see no objects here. You start digging downward. The titan punches you! The titan points at you, then curses. You continue digging downward. You dig a pit in the floor. The titan punches you! You die... Final status: Aloha n the Tourist, killed by a titan... You died in The Dungeons of Doom on dungeon level 22 with 2040 points, and 17 pieces of gold, after 167 moves. You were level 1 with a maximum of 12 hit points when you died.